 Dungeon Crawl Stone Soup version 0.17.1-3-g152610e (webtiles) character file.

24759 manyhoops the Thaumaturge (level 12, -3/70 HPs)
             Began as a Deep Elf Ice Elementalist on Apr 13, 2016.
             Was a High Priest of Vehumet.
             Killed from afar by Azrael (32 damage)
             ... with a blast of hellfire
             ... on level 4 of the Orcish Mines.
             The game lasted 02:03:23 (25223 turns).

manyhoops the Thaumaturge (DEIE)                   Turns: 25223, Time: 02:03:23

Health: -3/70      AC: 16    Str:  6    XL:     12   Next: 83%
Magic:  15/31      EV: 10    Int: 29    God:    Vehumet [*****.]
Gold:   1508       SH: 10    Dex: 15    Spells: 8 memorised, 9 levels left

rFire  . . .     SeeInvis .     A - +1 flail (protect)
rCold  + + +     Clarity  .     c - +1 robe {rC+ rF+}
rNeg   . . .     SustAt   .     (no shield)
rPois  +         Gourm    +     p - +2 hat {MR+}
rElec  .         Spirit   .     T - +1 cloak {rPois}
rCorr  .         Warding  .     b - +1 pair of gloves {archery}
rMut   .         Stasis   .     M - +1 pair of boots
MR     ++...                    u - amulet of the gourmand
Stlth  +++.......               a - ring of flight
                                V - ring of ice

@: icy shield, drained, very resistant to hostile enchantments, fairly stealthy
A: claws 1, fangs 1, clever 2, cold resistance 2
a: Renounce Religion, Evoke Flight


You were on level 4 of the Orcish Mines.
You worshipped Vehumet.
Vehumet was extremely pleased with you.
You were completely stuffed.

You visited 5 branches of the dungeon, and saw 21 of its levels.
You also visited: Ossuary and Volcano.

You collected 1967 gold pieces.
You spent 459 gold pieces at shops.

Inventory:

Hand Weapons
 A - a +1 flail of protection (weapon)
 Q - the +4 mace of Idaib {speed, Str+8 Dex-5 SInv}
   (You found it on level 5 of the Dungeon)

   Attacks with this weapon are significantly faster.
   It affects your strength (+8).
   It affects your dexterity (-5).
   It lets you see invisible.
Missiles
 g - 3 poisoned tomahawks
 i - a throwing net (quivered)
Armour
 b - a +1 pair of gloves of archery (worn)
 c - a +1 robe of resistance (worn)
 p - a +2 hat of magic resistance (worn)
 M - a +1 pair of boots (worn)
 T - a +1 cloak of poison resistance (worn)
Magical Staves
 D - an uncursed staff of conjuration
Jewellery
 a - a ring of flight (right hand)
 u - an amulet of the gourmand (around neck)
 S - an uncursed ring of stealth
 V - a ring of ice (left hand)
Wands
 r - a wand of confusion (42)
 s - a wand of hasting (4)
 x - a wand of random effects (12)
 z - a wand of fire (0)
 X - a wand of confusion (21)
Scrolls
 h - a scroll of fog
 k - 2 scrolls of remove curse
 l - 9 scrolls of teleportation
 m - a scroll of vulnerability {unknown}
 o - 4 scrolls of noise
 y - a scroll of recharging {unknown}
 P - 2 scrolls of blinking
 R - 2 scrolls of enchant weapon {unknown}
 U - a scroll of random uselessness {unknown}
 W - a scroll of silence {unknown}
 Z - 3 scrolls of amnesia
Potions
 d - 3 potions of curing
 e - 2 potions of agility
 f - a potion of berserk rage
 j - 3 potions of might
 n - 2 potions of brilliance
 q - 2 potions of heal wounds
 v - 3 potions of magic
 J - 3 potions of lignification
 L - a potion of invisibility
 N - a potion of resistance {unknown}
 O - a potion of flight {unknown}
 Y - a potion of haste {unknown}
Comestibles
 K - 7 meat rations


   Skills:
 - Level 6.0(5.2) Fighting
 + Level 6.3(5.5) Dodging
 - Level 4.7(3.9) Stealth
 - Level 13.7(12.7) Spellcasting
 - Level 12.4(11.4) Conjurations
 - Level 6.3(5.5) Charms
 - Level 2.5(1.7) Summonings
 - Level 4.1(3.3) Fire Magic
 - Level 11.6(10.7) Ice Magic
 - Level 0.4(0.0) Air Magic


You had 9 spell levels left.
You knew the following spells:

 Your Spells              Type           Power        Failure   Level  Hunger
a - Freeze                Ice            ####         1%          1    None
b - Throw Frost           Conj/Ice       ######       1%          2    None
c - Ozocubu's Armour      Chrm/Ice       #######.     1%          3    None
d - Condensation Shield   Ice            #######...   1%          4    None
e - Throw Icicle          Conj/Ice       #######.     1%          4    None
f - Summon Ice Beast      Ice/Summ       ######..     2%          4    None
g - Lightning Bolt        Conj/Air       ######....   2%          5    ##.....
h - Bolt of Fire          Conj/Fire      ####......   5%          6    ####...


Dungeon Overview and Level Annotations

Branches:
Dungeon (10/15)            Temple (1/1) D:7            Lair (5/8) D:8
  Swamp (0/4) Lair:4       Spider (1/4) Lair:4          Orc (4/4) D:9
    Elf: Orc:3-4

Altars:
Ashenzari
Cheibriados
Dithmenos
Elyvilon
Fedhas
Gozag
Kikubaaqudgha
Makhleb
Nemelex Xobeh
Okawaru
Qazlal
Ru
Sif Muna
Trog
Vehumet
Xom
Yredelemnul
Zin
The Shining One
Beogh

Shops:
D:5 (   D:6 [   D:7 *   D:8 ?   Orc:2 *

Annotations:
D:3 Grinder
D:5 Tobisume's ghost, novice DsFi
D:9 exclusion: oklob plant
Lair:5 Nessos
Orc:3 manyhoops's ghost, journeyman DEIE
Orc:4 Azrael


Innate Abilities, Weirdness & Mutations

You have sharp fingernails.
You have very sharp teeth.
Your mind is very acute. (Int +4)
Your flesh is very cold resistant.


Message History

a chain mail; a flail The orc misses you.
You block the orc's attack. You block the orc's attack.
Your ice beast hits the orc.
Your ice beast freezes the orc!
The orc dies!
Vehumet accepts your kill.
Azrael the Boundless Flame comes into view.
He is wielding a scimitar of flaming.
You swap places.
Azrael gestures at you.
The hellfire explodes!
The blast of hellfire engulfs you!
Your icy armour melts away.
Ouch! That really hurt!
The blast of hellfire engulfs your ice beast. x2
Things that are here:
a chain mail; a flail
There is a stone staircase leading up here.
Azrael gestures at you.
The hellfire explodes!
The blast of hellfire engulfs you!
You die...

....# ###.......§....### ...##
###...(..§....# ....#
##....(...R....# ...##
###.......Y.....#.# ....##
##.#.....Y.......### ...[.#
#...........#.....######
.....######........###.....#.#.##
......#.........[.###..........#.
.....[[..[......@.# #...........
...[..#.........### ###..........
.[.[...###.......## #.##.....#)##
.)#.#.## ##.......###........#))#
...#### #..................#..#
....## ##.................#..#
##...## #..................#8_#
##...# ###................####
##.## ##.............#.....


You could see Azrael and 2 friendly ice beasts.

Vanquished Creatures
  A hydra (Lair:4)
  Urug (Orc:3)
  The ghost of Tobisume the Fighter, a novice DsFi (Ossuary)
  An orc knight (Orc:4)
  2 orc sorcerers
  A black mamba (Lair:4)
  Maurice (D:8)
  6 spiny frogs
  3 komodo dragons
  2 trolls
  4 yaks
  3 wraiths (Lair:4)
  4 hippogriffs
  A hog (D:7)
  A warg (Orc:1)
  A wolf (Lair:3)
  A hell hound (Volcano)
  5 porcupines
  11 orc warriors
  4 water moccasins
  2 phantoms
  3 sky beasts
  A black bear (D:8)
  4 ogres
  3 centaurs
  5 crocodiles
  5 giant frogs
  A big kobold (D:7)
  A scorpion (D:4)
  An electric eel (Lair:4)
  3 hounds
  2 jellies
  13 orc wizards
  4 crimson imps
  16 orc priests
  10 iguanas
  3 worker ants
  2 big kobold zombies (Ossuary)
  3 hound zombies
  3 mummies (Ossuary)
  7 gnolls
  Robin (D:3)
  9 adders
  3 shadow imps (D:6)
  3 river rats (Lair:2)
  3 oozes
  An adder zombie (Ossuary)
  2 worms
  9 giant geckos
  56 orcs
  4 ball pythons
  A giant cockroach (D:3)
  A gnoll zombie (Ossuary)
  16 goblins
  13 hobgoblins
  15 jackals
  4 quokkas
  13 bats
  A giant gecko skeleton (D:5)
  14 giant newts
  2 goblin zombies (Ossuary)
  3 hobgoblin zombies (Ossuary)
  2 jackal zombies (Ossuary)
  9 kobolds
  A kobold zombie (Ossuary)
  A quokka zombie (Ossuary)
  10 rats
  3 rat zombies (Ossuary)
346 creatures vanquished.

Vanquished Creatures (collateral kills)
  Gastronok (Lair:2)
  Josephine (Lair:4)
  Harold (Orc:2)
  2 hydras (Lair:3)
  Sonja (Orc:2)
  An orc knight (Orc:2)
  2 hill giants
  An orc sorcerer (Orc:2)
  A toenail golem (Volcano)
  A black mamba (Lair:4)
  3 spiny frogs
  A troll (D:8)
  A two-headed ogre (D:8)
  9 blink frogs
  A wraith (Lair:4)
  A wyvern (D:8)
  A basilisk (Lair:3)
  Eustachio (D:6)
  14 yaks
  A human (D:7)
  A warg (Orc:4)
  Edmund (D:6)
  2 hippogriffs
  6 wolves
  5 water moccasins
  A porcupine (Lair:4)
  3 phantoms
  2 sky beasts
  2 ice beasts
  8 orc warriors
  A necrophage (D:8)
  4 ogres
  2 crocodiles
  A wyvern zombie (D:10)
  2 giant frogs
  A jelly (D:6)
  3 scorpions
  3 killer bees (D:10)
  An electric eel (Lair:4)
  3 crimson imps (Volcano)
  23 orc priests
  11 orc wizards
  Crazy Yiuf (D:5)
  A human zombie (Ossuary)
  3 worker ants
  An iguana (Lair:2)
  A killer bee zombie (D:9)
  7 sheep
  A big kobold zombie (Ossuary)
  A hound zombie (Ossuary)
  A worker ant zombie (D:9)
  4 gnolls
  21 river rats (Lair:2)
  An ooze (D:7)
  2 adder zombies (Ossuary)
  3 worms (Lair:4)
  A giant gecko (D:8)
  94 orcs
  2 giant cockroaches (Lair:4)
  A goblin zombie (Ossuary)
  2 jackal zombies (Ossuary)
  3 quokka zombies (Ossuary)
  A rat zombie (Ossuary)
  A fungus (Lair:4)
  A plant (Lair:2)
285 creatures vanquished.

Vanquished Creatures (others)
  3 fungi
  2 plants
5 creatures vanquished.

Grand Total: 636 creatures vanquished

Notes
Turn   | Place    | Note
--------------------------------------------------------------
     0 | D:1      | manyhoops the Deep Elf Ice Elementalist began the quest for the Orb.
     0 | D:1      | Reached XP level 1. HP: 10/10 MP: 6/6
   165 | D:1      | Reached XP level 2. HP: 13/15 MP: 4/8
   394 | D:1      | Reached skill level 4 in Ice Magic
   402 | D:1      | Learned a level 2 spell: Throw Frost
   849 | D:2      | Reached XP level 3. HP: 12/19 MP: 8/10
  1338 | D:2      | Reached XP level 4. HP: 24/24 MP: 3/12
  1941 | D:3      | Reached XP level 5. HP: 28/28 MP: 3/14
  2100 | D:3      | Noticed Robin
  2163 | D:2      | Learned a level 3 spell: Ozocubu's Armour
  2168 | D:2      | Learned a level 4 spell: Condensation Shield
  2169 | D:3      | Noticed Grinder
  2443 | D:3      | Found a deep blue altar of Sif Muna.
  2753 | D:3      | Paralysed by Grinder for 6 turns
  3127 | D:3      | Killed Robin
  3417 | D:3      | Reached XP level 6. HP: 32/32 MP: 12/15
  3423 | D:3      | Learned a level 4 spell: Throw Icicle
  3621 | D:3      | Reached skill level 1 in Charms
  3763 | D:4      | Reached skill level 5 in Spellcasting
  3848 | D:4      | Reached skill level 5 in Ice Magic
  4520 | D:4      | Reached skill level 6 in Spellcasting
  4520 | D:4      | Reached XP level 7. HP: 33/36 MP: 7/18
  4545 | D:4      | Learned a level 4 spell: Summon Ice Beast
  6054 | D:5      | Entered Level 5 of the Dungeon
  6068 | D:5      | Reached skill level 5 in Conjurations
  6497 | D:5      | Reached XP level 8. HP: 41/41 MP: 11/19
  6601 | D:5      | Found Voetoule's Weapon Boutique.
  6648 | D:5      | Noticed Tobisume's ghost (novice DsFi)
  6995 | D:5      | Noticed Crazy Yiuf
  7009 | D:5      | Killed Crazy Yiuf
  7020 | D:5      | Got an ancient mace
  7021 | D:5      | Identified the +4 mace of Idaib {speed, Str+8 Dex-5 SInv} (You found it on level 5 of the Dungeon)
  7192 | D:5      | Reached skill level 5 in Dodging
  7494 | D:6      | Found a glowing golden altar of the Shining One.
  7507 | D:6      | Noticed Eustachio
  7523 | D:6      | Killed Eustachio
  7523 | D:6      | Reached skill level 7 in Ice Magic
  7831 | D:6      | Found an iron altar of Okawaru.
  7929 | D:6      | Noticed Edmund
  8035 | D:6      | Killed Edmund
  8268 | D:6      | Found Ugeg Zoh's Armour Shoppe.
  8276 | D:6      | Bought a +1 pair of boots for 138 gold pieces
  8634 | D:6      | Gained mutation: You have sharp fingernails. [mutagenic meat]
  8635 | D:6      | Gained mutation: You have very sharp teeth. [mutagenic meat]
  8636 | D:6      | Gained mutation: Your mind is acute. (Int +2) [mutagenic meat]
  8815 | D:7      | Found Zoys's Assorted Antiques.
  8822 | D:7      | Bought a scroll of identify for 48 gold pieces
  8871 | D:7      | Noticed a hill giant
  8885 | D:7      | Killed a hill giant
  8885 | D:7      | Reached skill level 8 in Spellcasting
  8885 | D:7      | Reached XP level 9. HP: 13/45 MP: 8/23
  8887 | D:7      | Found a sand-covered staircase.
  8905 | Ossuary  | Entered an ossuary
  9283 | Ossuary  | Noticed Tobisume's ghost (novice DsFi)
  9443 | Ossuary  | Killed Tobisume's ghost
  9705 | Ossuary  | Reached skill level 9 in Spellcasting
 10324 | D:7      | Found a staircase to the Ecumenical Temple.
 10341 | Temple   | Entered the Ecumenical Temple
 10487 | Temple   | Became a worshipper of Vehumet
 10614 | D:7      | Found a stormy altar of Qazlal.
 11056 | D:7      | Reached skill level 10 in Spellcasting
 11510 | D:8      | Reached skill level 10 in Ice Magic
 11669 | D:8      | Found Useraip's Magic Scroll Shoppe.
 11676 | D:8      | Bought a scroll of teleportation for 30 gold pieces
 11676 | D:8      | Bought a scroll of identify for 20 gold pieces
 11689 | D:8      | Found a staircase to the Lair.
 11772 | D:8      | Found a bloodstained altar of Trog.
 11847 | D:8      | Reached XP level 10. HP: 50/50 MP: 19/26
 11945 | D:8      | Noticed Maurice
 11964 | D:8      | Reached * piety under Vehumet
 11964 | D:8      | Offered knowledge of Flame Tongue by Vehumet.
 11974 | D:8      | Killed Maurice
 12795 | D:9      | Reached skill level 11 in Spellcasting
 12832 | D:9      | Found a staircase to the Orcish Mines.
 12934 | D:9      | Reached ** piety under Vehumet
 12934 | D:9      | Offered knowledge of Searing Ray by Vehumet.
 13166 | D:9      | Found a blossoming altar of Fedhas.
 13384 | D:9      | Found a blossoming altar of Fedhas.
 13410 | D:9      | Noticed an oklob plant
 13486 | D:10     | Entered Level 10 of the Dungeon
 13741 | D:10     | Noticed a hill giant
 13755 | D:10     | Killed a hill giant
 13883 | Lair:1   | Entered Level 1 of the Lair of Beasts
 13993 | Lair:1   | Reached skill level 12 in Spellcasting
 14433 | Lair:1   | Offered knowledge of Stone Arrow by Vehumet.
 14972 | Lair:2   | Reached skill level 5 in Charms
 14972 | Lair:2   | Reached XP level 11. HP: 54/54 MP: 2/29
 15270 | Lair:2   | Reached *** piety under Vehumet
 15415 | Lair:2   | Reached skill level 13 in Spellcasting
 15432 | Lair:2   | Noticed Gastronok
 16045 | Lair:2   | Offered knowledge of Inner Flame by Vehumet.
 16258 | Lair:2   | Killed Gastronok
 16258 | Lair:2   | Reached skill level 1 in Fighting
 16782 | Lair:3   | Reached **** piety under Vehumet
 17372 | Lair:3   | Noticed a five-headed hydra
 17377 | Lair:3   | Killed a five-headed hydra
 17518 | Lair:3   | Noticed a six-headed hydra
 17518 | Lair:3   | Offered knowledge of Lightning Bolt by Vehumet.
 17526 | Lair:3   | Killed a six-headed hydra
 18036 | Lair:4   | Reached skill level 10 in Conjurations
 18044 | Lair:4   | Found a hole to the Spider Nest.
 18219 | Lair:4   | Learned a level 5 spell: Lightning Bolt
 18226 | Lair:4   | Learned a level 6 spell: Bolt of Fire
 18340 | Lair:4   | Reached skill level 1 in Fire Magic
 18340 | Lair:4   | Reached XP level 12. HP: 66/66 MP: 18/31
 18431 | Lair:4   | Noticed Josephine
 18607 | Lair:4   | Killed Josephine
 18895 | Lair:4   | Noticed an eight-headed hydra
 18905 | Lair:4   | Killed an eight-headed hydra
 19114 | Lair:4   | Reached ***** piety under Vehumet
 19114 | Lair:4   | Reached skill level 5 in Fighting
 19314 | Lair:4   | Found a staircase to the Swamp.
 19499 | Lair:5   | Noticed Nessos
 19522 | Spider:1 | Entered Level 1 of the Spider Nest
 19556 | Spider:1 | Gained mutation: Your flesh is cold resistant. [potion of beneficial mutation]
 19561 | Lair:4   | Gained mutation: Your mind is very acute. (Int +4) [potion of beneficial mutation]
 19562 | Lair:4   | Gained mutation: Your flesh is very cold resistant. [potion of beneficial mutation]
 19760 | D:7      | Bought a pair of glowing gloves for 108 gold pieces
 19815 | Orc:1    | Entered Level 1 of the Orcish Mines
 19816 | Orc:1    | Offered knowledge of Venom Bolt by Vehumet.
 20193 | Orc:2    | Found a dark tunnel.
 20212 | Volcano  | Entered a volcano
 20394 | Orc:2    | Found Imoacuf's Assorted Antiques.
 20394 | Orc:2    | Noticed Harold
 20419 | Orc:2    | Killed Harold
 20592 | Orc:2    | Bought a scroll of teleportation for 69 gold pieces
 20618 | Orc:2    | Noticed Sonja
 20621 | Orc:2    | Killed Sonja
 21568 | Orc:3    | Noticed a stone giant
 21658 | Orc:3    | Noticed Urug
 21919 | Orc:3    | Killed Urug
 22265 | Orc:3    | Noticed manyhoops's ghost (journeyman DEIE)
 22337 | Orc:2    | Bought a scroll labeled GUTUOR ZUAR for 23 gold pieces
 22337 | Orc:2    | Bought a scroll labeled NASKIG JOEMU for 23 gold pieces
 23254 | Orc:2    | Offered knowledge of Bolt of Cold by Vehumet.
 23351 | Orc:4    | Entered Level 4 of the Orcish Mines
 23359 | Orc:4    | Found a roughly hewn altar of Beogh.
 23812 | Orc:4    | Found a roughly hewn altar of Beogh.
 24928 | Orc:4    | Noticed an orc warlord
 25220 | Orc:4    | Noticed Azrael
 25223 | Orc:4    | Killed from afar by Azrael

Action                   |  1- 3 |  4- 6 |  7- 9 | 10-12 || total
-------------------------+-------+-------+-------+-------++-------
Melee: Unarmed           |    17 |    16 |       |       ||    33
       Flail             |       |    34 |   238 |    80 ||   352
       Mace              |       |       |       |     6 ||     6
Throw: Tomahawk          |       |     2 |       |     1 ||     3
       Throwing net      |       |       |       |     1 ||     1
 Cast: Freeze            |    40 |    90 |    45 |    48 ||   223
       Throw Frost       |    18 |    41 |    54 |    33 ||   146
       Ozocubu's Armour  |       |    10 |    34 |    72 ||   116
       Condensation Shie |       |     4 |     2 |    24 ||    30
       Throw Icicle      |       |     4 |    42 |   157 ||   203
       Summon Ice Beast  |       |       |    57 |   231 ||   288
       Lightning Bolt    |       |       |       |    24 ||    24
       Bolt of Fire      |       |       |       |     7 ||     7
 Abil: Evoke Flight      |       |       |       |     3 ||     3
Evoke: Wand              |       |       |     3 |     2 ||     5
  Use: Scroll            |       |     6 |    10 |    14 ||    30
       Potion            |       |     1 |       |     7 ||     8
 Stab: Sleeping          |       |     3 |     1 |       ||     4
       Distracted        |       |       |     2 |     3 ||     5
  Eat: Chunk             |       |    21 |    38 |    42 ||   101
